 Dungeon Crawl Stone Soup version 0.17-a0-1882-g750edc8 (webtiles) character file.

37461 Copingsaw the Fighter (level 14, -10/113 HPs)
             Began as a Formicid Fighter on Sept 22, 2015.
             Was the Champion of Cheibriados.
             Mangled by a skeletal warrior
             ... wielding a +0 glaive
              (14 damage)
             ... on level 11 of the Dungeon.
             The game lasted 01:21:52 (16163 turns).

Copingsaw the Fighter (Formicid Fighter)           Turns: 16163, Time: 01:21:52

Health: -10/113    AC: 17    Str: 41    XL:     14   Next: 29%
Magic:  17/21      EV: 11    Int: 27    God:    Cheibriados [******]
Gold:   1003       SH: 15    Dex: 26    Spells: 2 memorised, 17 levels left

rFire  . . .     SeeInvis +     a - +1 glaive of Darkness {venom, rPois Int+2}
rCold  . . .     Clarity  .     X - +9 ring mail of Classification {Int+3}
rNeg   . . .     SustAt   +     c - +0 shield
rPois  +         Gourm    .     (helmet unavailable)
rElec  .         Spirit   .     S - +0 cloak
rCorr  .         Warding  .     (no gloves)
rMut   .         Stasis   +     (no boots)
MR     ++...                    x - amulet of regeneration
Stlth  +.........               O - ring of sustain attributes
                                j - ring of protection from magic

@: very slow, very resistant to hostile enchantments, very unstealthy
A: permanent stasis, dig shafts and tunnels, four strong arms, antennae 3,
mutation resistance 1
a: Dig, Shaft Self, Bend Time, Temporal Distortion, Slouch, Step From Time,
Renounce Religion


You were on level 11 of the Dungeon.
You worshipped Cheibriados.
Cheibriados was exalted by your worship.
You were hungry.

You visited 3 branches of the dungeon, and saw 17 of its levels.

You collected 1003 gold pieces.

Inventory:

Hand weapons
 a - the +1 glaive of Darkness (weapon) {venom, rPois Int+2}
   (You found it on level 8 of the Dungeon)

   It poisons the flesh of those it strikes.
   It affects your intelligence (+2).
   It protects you from poison.
 b - a +0 hand crossbow
 i - a +3 battleaxe of venom
 D - a -3 dire flail of venom
 J - a +0 war axe of chopping
 V - a +0 hunting sling
Missiles
 h - 12 sling bullets of flame
 M - 11 poisoned bolts
 N - 17 sling bullets
 R - 3 javelins of returning (quivered)
 T - 8 exploding sling bullets
 W - 73 bolts
Armour
 c - a +0 shield (worn)
 S - a +0 cloak (worn)
 X - the +9 ring mail of Classification (worn) {Int+3}
   (You found it on level 10 of the Dungeon)

   It affects your intelligence (+3).
Jewellery
 j - a ring of protection from magic (left hand)
 s - an uncursed ring of flight
 x - an amulet of regeneration (around neck)
 O - a ring of sustain attributes (right hand)
Magical devices
 n - a wand of enslavement (18)
 y - a wand of fireball (9)
 F - a wand of disintegration (11)
 Z - a wand of draining (10)
Scrolls
 l - 2 scrolls of enchant weapon
 m - a scroll of recharging
 o - 3 scrolls of magic mapping
 r - 4 scrolls of fear
 t - a scroll of vulnerability {unknown}
Potions
 d - 4 potions of might
 f - a potion of ambrosia {unknown}
 q - 5 potions of curing
 w - a potion of invisibility
 A - 3 potions of brilliance
 B - 2 potions of flight
 E - a potion of cancellation
 L - a potion of magic
Comestibles
 e - 10 bread rations
 k - 3 fruits


   Skills:
 + Level 11.2 Fighting
 + Level 9.2(10.6) Axes
 + Level 5.1(7.8) Maces & Flails
 + Level 6.6(8.9) Polearms
 - Level 4.0 Slings
 * Level 7.1 Crossbows
 - Level 10.1 Armour
 - Level 0.8 Dodging
 + Level 9.6 Shields
 * Level 4.8 Spellcasting
 * Level 5.4 Transmutations
 * Level 10.3 Invocations


You had 17 spell levels left.
You knew the following spells:

 Your Spells              Type           Power        Failure   Level  Hunger
a - Stoneskin             Trmt/Erth      ###.....     6%          2    None
b - Passwall              Trmt/Erth      ###.......   12%         3    ##.....


Dungeon Overview and Level Annotations

Branches:
Dungeon (11/15)            Temple (1/1) D:4            Lair (5/8) D:9
 Shoals (0/4) Lair:3          Orc (0/4) D:9
  Snake: Lair:3-6    Spider: Lair:3-6

Altars:
Ashenzari
Cheibriados
Dithmenos
Elyvilon
Fedhas
Gozag
Kikubaaqudgha
Nemelex Xobeh
Okawaru
Sif Muna
Trog
Vehumet
Xom
Yredelemnul
Zin

Annotations:
D:8 4 runed doors
Lair:5 Nessos


Innate Abilities, Weirdness & Mutations

You are under a permanent stasis effect.
You can dig through walls and to a lower floor.
Your four strong arms can wield two-handed weapons with a shield.
You have a pair of large antennae on your head (SInv).
You are somewhat resistant to further mutation.


Message History

The skeletal warrior is moderately damaged.
The skeletal warrior hits you with a glaive!!
* * * LOW HITPOINT WARNING * * *
The skeletal warrior barely misses you.
A big kobold comes into view. It is wielding a whip.
You slice the skeletal warrior!!
The skeletal warrior is severely damaged.
The skeletal warrior hits you but does no damage.
You block the skeletal warrior's attack.
You hit the skeletal warrior but do no damage.
The skeletal warrior is severely damaged.
The kobold demonologist gestures wildly while chanting.
The skeletal warrior barely misses you.
The skeletal warrior hits you with a halberd!
* * * LOW HITPOINT WARNING * * *
Use which ability?
Are you sure you want to shaft yourself?
You are feeling hungry.
The skeletal warrior hits you with a glaive!
You die...

##.######### ##........# #
##...#####.## .# ##..#..#
..## ##.# ## #..##..#
..##... .###.####.## #....#
.....# #..## #...# ....##
#...# ###z.## .)...##
##..###.@zK.## #.....#
#......##...#
#).##...##...######........
#.## #......## ##K......
#.# ##...## .5..... ..#
##.## .#..... ..# #..
###.... ..# ##. #... #.#
#>.


You could see 2 skeletal warriors, a kobold demonologist, a big kobold and a
crimson imp.

Vanquished Creatures
  4 hydras
  Erica (D:8)
  2 death yaks (Lair:3)
  The ghost of daryashkoh the Sneak, an experienced NaCK of Xom (D:7)
  A skeletal warrior (D:11)
  3 unseen horrors
  A hill giant (D:10)
  A cyclops (D:11)
  9 elephants
  Maurice (D:8)
  9 spiny frogs
  Psyche (D:9)
  3 fire drakes
  A torpor snail (Lair:3)
  A kobold demonologist (D:11)
  7 komodo dragons
  A troll (D:8)
  Grinder (D:4)
  2 two-headed ogres (D:11)
  Prince Ribbit (D:4)
  15 blink frogs
  A queen bee (Lair:4)
  A wyvern (D:10)
  Sigmund (D:5)
  A tarantella (shapeshifter) (D:8)
  13 yaks
  3 hungry ghosts
  3 hippogriffs
  Edmund (D:4)
  6 porcupines
  8 wolves
  27 water moccasins
  2 black bears
  An orc warrior (D:7)
  2 ice beasts (D:7)
  A necrophage (D:7)
  6 ogres
  2 phantoms (D:9)
  A sky beast (D:9)
  4 centaurs
  8 crocodiles
  18 giant frogs
  6 big kobolds
  2 troll zombies (D:9)
  5 scorpions
  10 wights (D:9)
  24 killer bees (Lair:4)
  2 jellies
  3 crimson imps
  An electric eel (Lair:2)
  7 orc priests
  3 hounds
  6 orc wizards
  4 centaur skeletons
  2 giant frog skeletons (D:4)
  13 iguanas
  Natasha (thrice) (D:4)
  5 worker ants
  4 ogre zombies (D:9)
  15 sheep
  2 hound zombies
  A hound skeleton (D:7)
  A worker ant zombie (D:6)
  31 adders
  4 gnolls
  3 shadow imps
  13 river rats
  An ooze (D:1)
  An adder zombie (D:9)
  4 worms
  36 orcs
  6 giant cockroaches
  9 goblins
  6 hobgoblins
  6 jackals
  6 quokkas
  A ball python (D:3)
  11 bats
  5 giant geckos
  5 giant newts
  4 goblin zombies (D:9)
  2 hobgoblin skeletons (D:9)
  A hobgoblin zombie (D:9)
  24 kobolds
  2 orc skeletons (D:9)
  10 orc zombies (D:9)
  2 quokka zombies (D:5)
  14 rats
502 creatures vanquished.

Vanquished Creatures (collateral kills)
  A fungus (Lair:3)
1 creature vanquished.

Vanquished Creatures (others)
  2 fungi
  9 plants
11 creatures vanquished.

Grand Total: 514 creatures vanquished

Notes
Turn   | Place    | Note
--------------------------------------------------------------
     0 | D:1      | Copingsaw the Formicid Fighter began the quest for the Orb.
     0 | D:1      | Reached XP level 1. HP: 18/18 MP: 1/1
   107 | D:1      | Reached XP level 2. HP: 20/24 MP: 2/2
   343 | D:1      | Reached XP level 3. HP: 27/30 MP: 3/3
   963 | D:2      | Reached skill level 4 in Armour
  1020 | D:2      | Found an ancient bone altar of Kikubaaqudgha.
  1027 | D:2      | Reached XP level 4. HP: 37/37 MP: 4/4
  1123 | D:2      | You fall through a shaft for 2 floors!
  1172 | D:4      | Found a staircase to the Ecumenical Temple.
  1175 | D:4      | Noticed Edmund
  1181 | D:5      | Entered Level 5 of the Dungeon
  1655 | D:3      | Reached XP level 5. HP: 42/42 MP: 5/5
  1735 | D:2      | Found a radiant altar of Vehumet.
  3056 | D:4      | Noticed an ogre
  3063 | D:4      | Killed an ogre
  3063 | D:4      | Reached skill level 5 in Shields
  3063 | D:4      | Reached XP level 6. HP: 27/49 MP: 6/6
  3317 | D:4      | Reached skill level 1 in Slings
  3359 | D:4      | Killed Edmund
  3359 | D:4      | Reached XP level 7. HP: 26/55 MP: 7/7
  3558 | D:4      | Reached skill level 5 in Armour
  3663 | Temple   | Entered the Ecumenical Temple
  3667 | Temple   | Became a worshipper of Cheibriados the Contemplative
  3701 | D:4      | Noticed Natasha
  3706 | D:4      | Killed Natasha
  3710 | D:4      | Noticed Natasha
  3716 | D:4      | Killed Natasha
  3895 | D:4      | Noticed Grinder
  3911 | D:4      | Killed Grinder
  3911 | D:4      | Reached skill level 5 in Fighting
  3911 | D:4      | Reached XP level 8. HP: 18/62 MP: 8/8
  4486 | D:4      | Noticed Natasha
  4497 | D:4      | Killed Natasha
  4528 | D:4      | Acquired Cheibriados's first power
  4607 | D:5      | Noticed a giant frog
  4623 | D:5      | Killed a giant frog
  4623 | D:5      | Reached skill level 6 in Shields
  4827 | D:5      | Noticed Prince Ribbit
  5229 | D:5      | Noticed an ogre
  5233 | D:5      | Killed an ogre
  5483 | D:4      | Killed Prince Ribbit
  5483 | D:4      | Reached skill level 5 in Axes
  5727 | D:5      | Noticed Sigmund
  5741 | D:5      | Killed Sigmund
  5741 | D:5      | Reached skill level 7 in Shields
  5741 | D:5      | Reached XP level 9. HP: 65/69 MP: 9/9
  6244 | D:6      | Reached skill level 1 in Invocations
  6872 | D:7      | Reached skill level 8 in Shields
  6904 | D:7      | Acquired Cheibriados's second power
  7273 | D:7      | Noticed daryashkoh's ghost (experienced NaCK)
  7295 | D:7      | Killed daryashkoh's ghost
  7295 | D:7      | Reached XP level 10. HP: 50/79 MP: 11/13
  7444 | D:7      | Reached skill level 9 in Shields
  7703 | D:7      | Acquired Cheibriados's third power
  7745 | D:7      | Reached skill level 5 in Invocations
  7912 | D:8      | Noticed Maurice
  7929 | D:8      | Killed Maurice
  7940 | D:8      | Noticed an unseen horror
  7953 | D:8      | Killed an unseen horror
  8009 | D:8      | Found a huge runed gate.
  8009 | D:8      | Found a huge runed gate.
  8010 | D:8      | Found a huge runed gate.
  8010 | D:8      | Noticed a griffon
  8023 | D:8      | Found a huge runed gate.
  8040 | D:8      | Noticed Erica
  8054 | D:8      | Killed Erica
  8196 | D:8      | Reached XP level 11. HP: 86/86 MP: 15/15
  8725 | D:8      | Acquired Cheibriados's fourth power
  8818 | D:7      | Learned a level 2 spell: Stoneskin
  8943 | D:9      | Noticed Psyche
  8954 | D:9      | Killed Psyche
  8954 | D:9      | Reached skill level 1 in Crossbows
  9148 | D:9      | Found a staircase to the Lair.
  9346 | D:9      | Found a staircase to the Orcish Mines.
  9923 | Lair:1   | Entered Level 1 of the Lair of Beasts
 10019 | Lair:1   | Reached skill level 1 in Maces & Flails
 10986 | D:8      | Got a translucent glaive
 11031 | D:10     | Entered Level 10 of the Dungeon
 11031 | D:10     | Noticed an unseen horror
 11050 | D:10     | Killed an unseen horror
 11050 | D:10     | Reached XP level 12. HP: 93/95 MP: 17/17
 11113 | D:10     | Got a steaming ring mail
 11304 | D:10     | Noticed an unseen horror
 11315 | D:10     | Killed an unseen horror
 11383 | D:10     | Noticed a hill giant
 11392 | D:10     | Killed a hill giant
 11490 | D:9      | Identified the +9 ring mail of Classification {Int+3} (You found it on level 10 of the Dungeon)
 11492 | D:9      | Identified the +1 glaive of Darkness {venom, rPois Int+2} (You found it on level 8 of the Dungeon)
 11654 | Lair:2   | Noticed a six-headed hydra
 11686 | Lair:2   | Killed a six-headed hydra
 11686 | Lair:2   | Reached skill level 1 in Spellcasting
 11686 | Lair:2   | Reached skill level 1 in Transmutations
 11949 | Lair:2   | Reached skill level 1 in Polearms
 12339 | Lair:2   | Reached skill level 10 in Fighting
 12487 | Lair:2   | Reached skill level 5 in Crossbows
 12494 | Lair:2   | Reached XP level 13. HP: 36/103 MP: 14/19
 13051 | Lair:3   | Found a staircase to the Shoals.
 13134 | Lair:3   | Reached skill level 10 in Armour
 13136 | Lair:3   | Reached skill level 5 in Maces & Flails
 13467 | Lair:3   | Reached skill level 5 in Polearms
 14219 | Lair:3   | Reached skill level 11 in Fighting
 14586 | Lair:4   | Reached skill level 10 in Invocations
 14643 | Lair:4   | Reached XP level 14. HP: 113/113 MP: 21/21
 14720 | Lair:4   | Reached skill level 5 in Transmutations
 15329 | Lair:5   | Noticed Nessos
 15491 | Lair:1   | Learned a level 3 spell: Passwall
 15567 | Lair:1   | Gained mutation: You are somewhat resistant to further mutation. [potion of mutation]
 16162 | D:11     | HP: 3/113 [skeletal warrior/halberd (17)]
 16163 | D:11     | Mangled by a skeletal warrior

Vault maps used:
D:1:      minmay_arrival_plants_in_alcoves, minmay_misc_feat_x
D:2:      nicolae_overflow_hidden_temple, old_standard_altar
D:3:      minmay_close_crescents
D:4:      minmay_temple_entry_statues_fountains, nrook_mini_backslash,
          uniq_grinder, uniq_edmund, uniq_natasha
D:5:      first_bread, serial_park_tiny_pond, uniq_prince_ribbit1, uniq_sigmund
D:8:      lemuel_bear_cage, hangedman_ranch, due_unseen_surprise, uniq_maurice,
          uniq_erica
D:9:      david_lair_shrubbed, zombieorc1_lemuel, serial_bayou_pond_d,
          uniq_psyche
D:11:     lightli_minifort
Temple:   nicolae_temple_x_marks_the_god_16
Lair:2:   lemuel_reptile_caves, serial_bayou_shore_b
Lair:3:   shoals_dummy_entry, beast_lair_carwin_10, grunt_megastairs_5
Lair:4:   portal_ice_cave_entry_pillars_01
Lair:5:   minmay_lair_oklob_chamber, uniq_nessos

Action                   |  1- 3 |  4- 6 |  7- 9 | 10-12 | 13-15 || total
-------------------------+-------+-------+-------+-------+-------++-------
Melee: War axe           |    99 |   181 |   375 |   381 |       ||  1036
       Hand axe          |     7 |       |       |       |       ||     7
       Dire flail        |       |       |       |   216 |    13 ||   229
       Glaive            |       |       |       |   176 |   460 ||   636
 Fire: Hunting sling     |       |    12 |    29 |    16 |       ||    57
       Hand crossbow     |       |       |       |     3 |    21 ||    24
 Cast: Stoneskin         |       |       |       |       |     1 ||     1
Invok: Slouch            |       |       |       |     2 |     1 ||     3
       Bend Time         |       |       |       |     1 |       ||     1
 Abil: Shaft Self        |       |       |       |       |     1 ||     1
Evoke: Wand              |       |       |       |     1 |       ||     1
  Use: Scroll            |       |     4 |     4 |    13 |     3 ||    24
       Potion            |       |       |       |       |    10 ||    10
 Stab: Distracted        |       |       |       |       |     3 ||     3
       Sleeping          |       |       |       |       |     2 ||     2
  Eat: Chunk             |     1 |     6 |    12 |     8 |     9 ||    36
       Pizza             |       |     1 |     1 |     2 |     1 ||     5
       Beef jerky        |       |       |       |     2 |     1 ||     3
       Fruit             |       |       |       |     2 |       ||     2
